 Dungeon Crawl Stone Soup version 0.30-b1-2-g02819fbbbe (webtiles) character file.

Game seed: 16849906745748652819

34 Alarkh the Trooper (level 3, 29/29 HPs)
             Began as a Demonspawn Artificer on Nov 26, 2023.
             Got out of the dungeon alive.
             The game lasted 00:00:55 (745 turns).

Alarkh the Trooper (Demonspawn Artificer)            Turns: 745, Time: 00:00:55

Health: 29/29      AC:  3    Str: 12    XL:     3   Next: 14%
Magic:  3/3        EV: 11    Int: 14    God:
Gold:   19         SH:  0    Dex: 13    Spells: 2/2 levels left

rFire   . . .        a - +0 short sword
rCold   . . .        (no shield)
rNeg    . . .        b - +0 leather armour
rPois   .            (no helmet)
rElec   .            (no cloak)
rCorr   .            (no gloves)
SInv    +            (no boots)
Will    .....        (no amulet)
Stlth   +            h - ring of see invisible
HPRegen 0.24/turn    (no ring)
MPRegen 0.08/turn

%: no passive effects
@: no status effects
A: powered by pain 1, spiny 1
a: no special abilities


You escaped.
You visited 1 branch of the dungeon, and saw 1 of its levels.

You collected 19 gold pieces.

Inventory:

Hand Weapons
 a - a +0 short sword (weapon)
Armour
 b - a +0 leather armour (worn)
Jewellery
 f - a ring of protection from cold
 h - a ring of see invisible (left hand)
 i - a +6 ring of strength
Wands
 c - a wand of flame (12) (quivered)
 d - a wand of charming (15)
 e - a wand of iceblast (5)
Scrolls
 g - a scroll of identify {unknown}
Potions
 j - a potion of might {unknown}


   Skills:
 + Level 3.1 Fighting
 - Level 1.7 Armour
 - Level 0.8 Dodging
 - Level 0.8 Stealth
 - Level 3.0 Evocations


You had 2 spell levels left.
You didn't know any spells.
Your spell library was empty.

Dungeon Overview and Level Annotations

Branches:
Dungeon (1/15)

Altars:


Innate Abilities, Weirdness & Mutations

You sometimes gain a little power by taking damage.
You are partially covered in sharp spines.


Message History

You feel clever. x2; Your demonic ancestry asserts itself...
Sharp spines emerge from parts of your body.
The goblin attacks as you move away! The goblin is struck by your spines.
The goblin closely misses you.
You see here 7 gold pieces.
You hit the goblin.
You kill the goblin!
Things that are here:
a +2 vampiric dagger; 7 gold pieces You hit the hobgoblin but do no damage.
Your punch misses the hobgoblin.
A bat comes into view.
The hobgoblin closely misses you.
You hit the hobgoblin.
The hobgoblin is almost dead.
The goblin barely misses you. The hobgoblin is struck by your spines.
You kill the hobgoblin!
You hit the goblin but do no damage. The goblin barely misses you.
You closely miss the goblin. The goblin barely misses you.
You hit the goblin but do no damage. The goblin is struck by your spines.
You kill the goblin!
The bat is struck by your spines.
You kill the bat!
Things that are here:
a +0 club; a goblin corpse No target in view!
No target in view!
No target in view!
No target in view!
No target in view!
No target in view!
No target in view!
No target in view!
No target in view!
No target in view!
No target in view!
No target in view!
There is a shaft here.
There is a staircase leading out of the dungeon here.
Are you sure you want to leave the Dungeon?
This will make you lose the game!
You have escaped!

#..# ##...###### #.........
#..# ##.........♣♣###.#####.#.
...# ##.........P♣..##^# #...
##.# ##...P.P..♣....P...# #..#
##.####....P....P...P..P##
#..# ##.......P....P...P..P..#
#..# #######.................#
#... #
##..P..P.....P.♣P♣######... #
##.P.....@................ #
#(P...P.....P....######.## #
#...P..........♣..# #.##
###### #.P..♣.P...P.♣....#
#.## ...(.#
#..♣.♣...P...PP...#####...
####.#
#.#...♣........P..##......
#.###.##...♣.......#..##.#####
###.##...##.P...PP..###.##.#
#......#....#...##### #..#.#


There were no monsters in sight!

Vanquished Creatures
  A dart slug (D:1)
  3 bats (D:1)
  2 endoplasms (D:1)
  2 giant cockroaches (D:1)
  5 goblins (D:1)
  4 hobgoblins (D:1)
  4 ball pythons (D:1)
  2 frilled lizards (D:1)
  3 kobolds (D:1)
26 creatures vanquished.

Notes
Turn   | Place    | Note
-------+----------+-------------------------------------------
     0 | D:1      | Alarkh the Demonspawn Artificer began the quest for the
                  | Orb.
     0 | D:1      | Reached XP level 1. HP: 15/15 MP: 1/1
   127 | D:1      | Gained mutation: You sometimes gain a little power by
                  | taking damage. [demonic ancestry]
   127 | D:1      | Reached XP level 2. HP: 8/22 MP: 2/2
   708 | D:1      | Gained mutation: You are partially covered in sharp spines.
                  | [demonic ancestry]
   708 | D:1      | Reached XP level 3. HP: 27/29 MP: 3/3
   745 | D:$      | Got out of the dungeon alive.

Illustrated notes

Levels and vault maps discovered:
D:1:      wander_arrival_fairy_ring, layout_loops_ring

Skill      XL: |  1  2 |
---------------+-------+-----
Fighting       | 2 3 |  3.1
Armour         | |  1.7
Dodging        | |  0.8
Stealth        | |  0.8
Evocations     | |  3.0

Action                     || total
---------------------------++-------
  Melee: Club              ||    14
         Short sword       ||    73
  Evoke: Wand              ||     3
   Stab: Sleeping          ||     2
 Armour: Leather armour    ||    25
  Dodge: Dodged            ||    62
